Match 45259235
Unlisted

Match 45259235
End
Pioneer Squad
Construct Infanterie Kompanie
Grenadier Squad
Selects Breakthrough Battlegroup
Grenadier Squad
MG 42 Machine Gun Team
MG 42 Machine Gun Team
Selects Rapid Production
Medical Station
Construct Luftwaffe Kompanie
Flak 30 Anti-aircraft Gun Team
Selects Blitzkrieg
Pioneer Squad
Support Elements
Pioneer Squad
Jäger Squad
AI Takeover
framerryu
B站鲨鱼菜鸟
indu
ulm
0
0

Comments sign in to comment!

No comments posted yet!